 Dungeon Crawl Stone Soup version 0.23-a0-417-gf02c810 (webtiles) character file.

128 rgaf the Grave Robber (level 5, 0/31 HPs)
             Began as a Gargoyle Necromancer on Nov 10, 2018.
             Slain by a shadow imp (3 damage)
             ... summoned by Natasha
             ... on level 3 of the Dungeon.
             The game lasted 00:04:11 (4184 turns).

rgaf the Grave Robber (Gargoyle Necromancer)        Turns: 4184, Time: 00:04:11

Health: 0/31       AC:  7    Str: 11 (13) XL:     5   Next: 12%
Magic:  0/8        EV: 15    Int: 13 (15) God:
Gold:   90         SH:  0    Dex:  8 (10) Spells: 7/8 levels left

rFire    . . .     SeeInvis .   l - +0 hand axe
rCold    . . .     Gourm    .   (no shield)
rNeg     + . .     Faith    .   a - +0 robe
rPois    ∞         Spirit   .   d - +0 helmet
rElec    +         Reflect  .   (no cloak)
rCorr    .         Harm     .   (no gloves)
MR       .....                  (no boots)
Stlth    ++........             (no amulet)
HPRegen  0.10/turn              o - +3 ring of evasion
MPRegen  0.11/turn              (no ring)

@: flying, very slightly contaminated
A: negative energy resistance 1, electricity resistance, unbreathing,
petrification resistance, rot immunity, AC +4
a: no special abilities


You were on level 3 of the Dungeon.
You were hungry.

You visited 1 branch of the dungeon, and saw 3 of its levels.

You collected 90 gold pieces.

Inventory:

Hand Weapons
 l - a +0 hand axe (weapon)
 s - a cursed -1 war axe
Armour
 a - a +0 robe (worn)
 d - a +0 helmet (worn)
Jewellery
 o - a +3 ring of evasion (left hand)
Wands
 p - a wand of polymorph (9)
Scrolls
 b - 5 scrolls of enchant armour {unknown}
 e - 3 scrolls of teleportation {unknown}
 f - 4 scrolls of identify {unknown}
 g - a scroll of random uselessness {unknown}
 h - a scroll of noise {unknown}
 m - a scroll of magic mapping {unknown}
 q - a scroll of remove curse {unknown}
 r - a scroll of immolation {unknown}
Comestibles
 c - 4 rations
 i - 3 chunks of flesh


   Skills:
 + Level 2.3 Fighting
 * Level 1.5 Axes
 + Level 2.3 Armour
 - Level 1.5 Dodging
 - Level 2.1 Stealth
 - Level 2.0 Spellcasting
 + Level 3.8 Necromancy


You had 7 spell levels left.
You knew the following spells:

 Your Spells              Type           Power        Failure   Level  Hunger
a - Pain                  Necr           ##..         5%          1    ##.....

Your spell library contained the following spells:

 Spells                   Type           Power        Failure   Level  Hunger
 Animate Skeleton         Necr           N/A          5%          1    ##.....
 Vampiric Draining        Necr           ##........   16%         3    ####...
 Regeneration             Chrm/Necr      #.........   34%         3    ####...
 Animate Dead             Necr           N/A          45%         4    #####..


Dungeon Overview and Level Annotations

Branches:
Dungeon (3/15)

Altars:

Annotations:
D:3 Natasha


Innate Abilities, Weirdness & Mutations

You are resistant to torment.
Your stone body is resilient. (AC +4)
You are immune to poison.
You resist negative energy. (rN+)
You are resistant to electric shocks. (rElec)
You can survive without breathing.
You are immune to petrification.
You are immune to rotting.


Message History

Aim: Natasha (severely wounded, chance to defeat MR: 66%) Natasha writhes in agony!
The shadow imp hits you but does no damage.
Natasha barely misses you.
You closely miss Natasha.
Natasha is almost dead.
You barely miss the shadow imp. The shadow imp barely misses you.
Natasha growls.
Natasha claws you.
* * * LOW HITPOINT WARNING * * *
You hit Natasha but do no damage.
Natasha is almost dead.
You closely miss the shadow imp. The shadow imp closely misses you.
Natasha claws you.
* * * LOW HITPOINT WARNING * * *
You barely miss Natasha.
Natasha is almost dead.
You hit the shadow imp but do no damage.
The shadow imp hits you.
You die...

######### ###..###
........# #.[.....
........# ##.###.##
........###########..###...
...(.......................
........##################.
...(........<....# ##
########.........# #.....
#.5@....... ..#..#
#..h!.....# ....
#....†....% .## #.?......$#
#.........# #.........#
...###.#### .... .#


You could see Natasha and a shadow imp.

Vanquished Creatures
  Jessica (D:2)
  An orc wizard (D:3)
  Robin (D:1)
  3 worms (D:2)
  A leopard gecko (D:1)
  4 orcs
  3 bats
  4 giant cockroaches
  8 goblins
  8 hobgoblins
  2 jackals (D:1)
  2 quokkas (D:3)
  2 frilled lizards (D:3)
  4 kobolds
  3 rats (D:3)
47 creatures vanquished.

Notes
Turn   | Place    | Note
-------+----------+-------------------------------------------
     0 | D:1      | rgaf the Gargoyle Necromancer began the quest for the Orb.
     0 | D:1      | Reached XP level 1. HP: 10/10 MP: 3/3
   415 | D:1      | Reached XP level 2. HP: 15/16 MP: 1/5
   702 | D:1      | Reached skill level 1 in Fighting
   702 | D:1      | Reached skill level 1 in Armour
  1187 | D:2      | Noticed Jessica
  1455 | D:2      | Killed Jessica
  1455 | D:2      | Reached XP level 3. HP: 19/21 MP: 3/6
  1667 | D:2      | Noticed Robin
  1805 | D:1      | Killed Robin
  2101 | D:2      | Reached XP level 4. HP: 19/26 MP: 0/7
  2471 | D:2      | Found a faded altar of an unknown god.
  2804 | D:2      | Reached skill level 1 in Axes
  3943 | D:3      | Reached XP level 5. HP: 15/31 MP: 0/8
  4161 | D:3      | Noticed Natasha
  4184 | D:3      | Slain by a shadow imp

Vault maps used:
D:1:      doesnt_arrival_eight_statues
D:2:      chequers_ecumenical_altar_lobes, chequers_serial_rivers_small_b,
          uniq_robin, uniq_jessica
D:3:      first_ration, uniq_ijyb, uniq_sigmund, uniq_natasha

Skill      XL: |  1  2  3  4 |
---------------+-------------+-----
Fighting       | 1 2 |  2.3
Armour         | 1 2 |  2.3
Axes           | 1 |  1.5
Dodging        | |  1.5
Stealth        | |  2.1
Spellcasting   | |  2.0
Necromancy     | |  3.8

Action                   |  1- 3 |  4- 6 || total
-------------------------+-------+-------++-------
Melee: Hand axe          |     1 |    29 ||    30
 Cast: Pain              |    45 |    89 ||   134
  Use: Potion            |     1 |     3 ||     4
  Eat: Chunk             |     3 |     9 ||    12
Armor: Robe              |     6 |    22 ||    28
       Skin              |     1 |       ||     1
Dodge: Dodged            |    11 |    47 ||    58

Table legend:
 A = Non-vault XP
 B = Vault XP
 C = Vault XP percentage of total XP
 D = Non-vault monster count
 E = Vault monster count
 F = Vault count percentage of total count
                 A         B        C        D         E       F
            +---------+---------+-------+---------+---------+-------
      Total |     111 |      73 |  39.7 |      35 |      12 |  25.5
            +---------+---------+-------+---------+---------+-------
        D:1 |      18 |      16 |  47.1 |       9 |       1 |  10.0
        D:2 |      33 |      57 |  63.3 |      12 |      11 |  47.8
        D:3 |      60 |       0 |   0.0 |      14 |       0 |   0.0
            +---------+---------+-------+---------+---------+-------
